AoeStats
← DanielMorfeo

Arena

507055633Analyzed
1v1 RM · 16d ago on Sep 16, 2026· 27m 21s· 2 players
Game mode
Random Map
Map size
Tiny (2 player)
Population
200
Speed
Normal
Resources
Standard
Victory
Conquest
Starting age
Dark Age
Ending age
Imperial Age
RankedLock teamsTeams togetherTeam positionsShared explorationLock speedFull tech treeHidden civsTurbo modeCheats
Victory
Defeat
🇩🇰 Turks · Denmark
850
+15
🇨🇴 Teutons · Colombia
824
-15
DanielMorfeo
0:34 Loom
12:30 Feudal Age
12:58 Double-Bit Axe
13:04 Gold Mining
12:56 Horse Collar
18:48 Castle Age
17:05 Stone Mining
20:18 Forging
20:27 Redemption
23:34 Wheelbarrow
27:54 Imperial Age
27:25 Bow Saw
Skærmhelten Mads
6:44 Loom
13:50 Feudal Age
16:48 Double-Bit Axe
16:55 Gold Mining
19:10 Castle Age
23:21 Imperial Age
24:31 Padded Archer Armor
Connection lost

Rejoining the realm…

Still unreachable

The connection could not be restored.

Session expired

The server has moved on; the page needs a fresh start.